| TOP OF THE 1ST |
|
Chicago (NYP) White Sox batting - Pitching for Vermont Lake Monsters : LHP Darby Jones
|
|
Pitching: LHP Darby Jones
|
|
|
Batting: RHB Jeremy Hoffert
|
0-0: Swinging Strike 0-1: Called Strike 0-2: Ball 1-2: Ball 2-2: Ball 3-2: Ground out 6-3 (Groundball, 6S, EV 71.9 MPH)
|
|
Batting: RHB Justin Usner
|
0-0: Ball 1-0: Ground out U3 (Groundball, 34, EV 99.4 MPH)
|
|
Batting: RHB Dusty Ballard
|
0-0: Ball 1-0: Foul Ball, location: 2F 1-1: Foul Ball, location: 2F 1-2: Strikes out looking
|
| Top of the 1st over - 0 runs, 0 hits, 0 errors, 0 left on base; Chicago (NYP) 0 - Vermont 0 |
| BOTTOM OF THE 1ST |
|
Vermont Lake Monsters batting - Pitching for Chicago (NYP) White Sox : RHP Cole Wanat
|
|
Pitching: RHP Cole Wanat
|
|
|
Batting: RHB Ricardo Mariscal
|
0-0: Foul Ball, location: 2F 0-1: Swinging Strike 0-2: Ball 1-2: Ball 2-2: Foul Ball, location: 2F 2-2: Ball 3-2: Strikes out swinging
|
|
Batting: RHB Luis Restrepo
|
0-0: Ball 1-0: Called Strike 1-1: SINGLE (Groundball, 56D, EV 95.6 MPH)
|
|
Batting: LHB Henry Hutson
|
0-0: Called Strike 0-1: Ball 1-1: Called Strike Luis Restrepo steals 2nd base 1-2: Ground out U3 (Groundball, 34S, EV 90.6 MPH) Luis Restrepo to third
|
|
Batting: LHB Cy Ostrowski
|
0-0: Ball Wild Pitch! Luis Restrepo scores 1-0: Ball 2-0: Ball 3-0: Called Strike 3-1: Called Strike 3-2: Base on Balls
|
|
Batting: LHB Jose Zamarripa
|
0-0: Called Strike 0-1: Called Strike 0-2: Strikes out swinging
|
| Bottom of the 1st over - 1 run, 1 hit, 0 errors, 1 left on base; Chicago (NYP) 0 - Vermont 1 |
| TOP OF THE 2ND |
|
Chicago (NYP) White Sox batting - Pitching for Vermont Lake Monsters : LHP Darby Jones
|
|
Batting: LHB Brandon Hopper
|
0-0: Called Strike 0-1: SINGLE (Line Drive, 56D, EV 105.0 MPH)
|
|
Batting: RHB Mitch Cuadros
|
0-0: Ball 1-0: Called Strike 1-1: Grounds into double play, 4-6-3 (Groundball, 34, EV 107.5 MPH)
|
|
Batting: LHB Ray Walden
|
0-0: Ball 1-0: SINGLE (Line Drive, 78M, EV 98.1 MPH)
|
|
Batting: RHB Bill Mannino
|
0-0: Foul Ball, location: 2F 0-1: Ball 1-1: Swinging Strike 1-2: Foul Ball, location: 2F 1-2: Strikes out swinging
|
| Top of the 2nd over - 0 runs, 2 hits, 0 errors, 1 left on base; Chicago (NYP) 0 - Vermont 1 |
| BOTTOM OF THE 2ND |
|
Vermont Lake Monsters batting - Pitching for Chicago (NYP) White Sox : RHP Cole Wanat
|
|
Batting: RHB Carlos Martinez
|
0-0: Fly out, F8 (Flyball, 8RD, EV 108.1 MPH)
|
|
Batting: RHB Lu Tieh
|
0-0: Called Strike 0-1: Foul Ball, location: 2F 0-2: Ground out 4-3 (Groundball, 4M, EV 103.1 MPH)
|
|
Batting: RHB Yasuzo Rin
|
0-0: Called Strike 0-1: Ball 1-1: Ball 2-1: Ball 3-1: Base on Balls
|
|
Batting: RHB Oscar Avila
|
0-0: Called Strike 0-1: Ball 1-1: Foul Ball, location: 2F 1-2: Strikes out swinging
|
| Bottom of the 2nd over - 0 runs, 0 hits, 0 errors, 1 left on base; Chicago (NYP) 0 - Vermont 1 |
| TOP OF THE 3RD |
|
Chicago (NYP) White Sox batting - Pitching for Vermont Lake Monsters : LHP Darby Jones
|
|
Batting: RHB Victor Orozco
|
0-0: SINGLE (Groundball, 6MD, EV 96.3 MPH)
|
|
Batting: RHB David Laureano
|
0-0: Called Strike 0-1: Called Strike 0-2: Foul Ball, location: 2F 0-2: Foul Ball, location: 2F 0-2: Foul Ball, location: 2F 0-2: Foul Ball, location: 2F 0-2: Ball Balk! Victor Orozco to second 1-2: Foul Ball, location: 2F 1-2: Strikes out swinging
|
|
Batting: RHB Jeremy Hoffert
|
0-0: TRIPLE (Flyball, 89XD, EV 98.1 MPH) Victor Orozco scores
|
|
Batting: RHB Justin Usner
|
0-0: Ball 1-0: Called Strike 1-1: Ball 2-1: Called Strike 2-2: Ball 3-2: DOUBLE (Line Drive, 3D, EV 100.0 MPH) Jeremy Hoffert scores
|
|
Batting: RHB Dusty Ballard
|
0-0: Swinging Strike 0-1: Ball 1-1: Ball 2-1: Foul Ball, location: 2F 2-2: Ground out 6-3 (Groundball, 6, EV 82.5 MPH) Justin Usner to third
|
|
Batting: LHB Brandon Hopper
|
0-0: Called Strike 0-1: Foul Ball, location: 2F 0-2: Foul Ball, location: 2F 0-2: Ball 1-2: Foul Ball, location: 2F 1-2: Ball 2-2: Ball 3-2: Base on Balls
|
|
Batting: RHB Mitch Cuadros
|
0-0: Ball 1-0: Swinging Strike 1-1: Called Strike 1-2: Ball 2-2: Strikes out swinging
|
| Top of the 3rd over - 2 runs, 3 hits, 0 errors, 2 left on base; Chicago (NYP) 2 - Vermont 1 |
| BOTTOM OF THE 3RD |
|
Vermont Lake Monsters batting - Pitching for Chicago (NYP) White Sox : RHP Cole Wanat
|
|
Batting: RHB Ricardo Mariscal
|
0-0: SINGLE (Groundball, 6M, EV 80.0 MPH) (infield hit)
|
|
Batting: RHB Luis Restrepo
|
0-0: Foul Ball, location: 2F 0-1: Called Strike Ricardo Mariscal is caught stealing 2nd base 2-4 0-2: SINGLE (Line Drive, 89S, EV 105.0 MPH)
|
|
Batting: LHB Henry Hutson
|
0-0: Called Strike 0-1: Hit by Pitch Luis Restrepo to second
|
|
Batting: LHB Cy Ostrowski
|
0-0: Ball 1-0: Called Strike 1-1: Ball 2-1: Ball 3-1: Base on Balls Luis Restrepo to third Henry Hutson to second
|
|
Batting: LHB Jose Zamarripa
|
0-0: Called Strike 0-1: Ball 1-1: Ball 2-1: Ball 3-1: Called Strike 3-2: Base on Balls Luis Restrepo scores Henry Hutson to third Cy Ostrowski to second
|
|
Batting: RHB Carlos Martinez
|
0-0: Foul Ball, location: 2F 0-1: Swinging Strike 0-2: Fly out, F8 (Flyball, 8LD, EV 96.3 MPH) Runner from 3rd tags up, SCORES, throw by CF Cy Ostrowski to third
|
|
Batting: RHB Lu Tieh
|
0-0: Swinging Strike 0-1: Foul Ball, location: 2F 0-2: Ball 1-2: Strikes out looking
|
| Bottom of the 3rd over - 2 runs, 2 hits, 0 errors, 2 left on base; Chicago (NYP) 2 - Vermont 3 |
| TOP OF THE 4TH |
|
Chicago (NYP) White Sox batting - Pitching for Vermont Lake Monsters : LHP Darby Jones
|
|
Batting: LHB Ray Walden
|
0-0: Called Strike 0-1: Foul Ball, location: 2F 0-2: Ball 1-2: Ball 2-2: Hit by Pitch
|
|
Batting: RHB Bill Mannino
|
0-0: Ball 1-0: Ball 2-0: DOUBLE (Line Drive, 89M, EV 95.0 MPH) Ray Walden to third Runner from 3rd tries for Home, SAFE, throw by RF to home
|
|
Batting: RHB Victor Orozco
|
0-0: Ball 1-0: Foul Ball, location: 2F 1-1: Swinging Strike 1-2: SINGLE (Groundball, 4MD, EV 94.4 MPH) Bill Mannino to third
|
|
Batting: RHB David Laureano
|
0-0: Called Strike 0-1: Foul Ball, location: 2F 0-2: Strikes out looking
|
|
Batting: RHB Jeremy Hoffert
|
0-0: Called Strike 0-1: Foul Ball, location: 2F 0-2: Foul Ball, location: 2F 0-2: Ball 1-2: Fielders Choice at 2nd, 4-6 (Groundball, 34, EV 76.3 MPH) Bill Mannino scores
|
|
Batting: RHB Justin Usner
|
0-0: Called Strike Jeremy Hoffert steals 2nd base (no throw) 0-1: Ball 1-1: Foul Ball, location: 2F 1-2: SINGLE (Groundball, 56S, EV 63.1 MPH) (infield hit) Jeremy Hoffert to third
|
|
Pitching: RHP Jesus Moreno
|
|
|
Batting: RHB Dusty Ballard
|
0-0: Swinging Strike 0-1: Foul Ball, location: 2F 0-2: Ball 1-2: Strikes out swinging
|
| Top of the 4th over - 2 runs, 3 hits, 0 errors, 2 left on base; Chicago (NYP) 4 - Vermont 3 |
| BOTTOM OF THE 4TH |
|
Vermont Lake Monsters batting - Pitching for Chicago (NYP) White Sox : RHP Cole Wanat
|
|
Batting: RHB Yasuzo Rin
|
0-0: Ball 1-0: Ball 2-0: Swinging Strike 2-1: Ball 3-1: Fly out, F9 (Flyball, 89M, EV 87.5 MPH)
|
|
Batting: RHB Oscar Avila
|
0-0: Ball 1-0: Ball 2-0: Ball 3-0: Called Strike 3-1: SINGLE (Groundball, 6MD, EV 94.4 MPH)
|
|
Batting: RHB Ricardo Mariscal
|
0-0: Ball 1-0: Foul Ball, location: 2F 1-1: Foul Ball, location: 2F 1-2: Strikes out swinging
|
|
Batting: RHB Luis Restrepo
|
0-0: Ball 1-0: Called Strike 1-1: Foul Ball, location: 2F 1-2: Ball 2-2: Strikes out swinging
|
| Bottom of the 4th over - 0 runs, 1 hit, 0 errors, 1 left on base; Chicago (NYP) 4 - Vermont 3 |
| TOP OF THE 5TH |
|
Chicago (NYP) White Sox batting - Pitching for Vermont Lake Monsters : RHP Jesus Moreno
|
|
Batting: LHB Brandon Hopper
|
0-0: Ball 1-0: Called Strike 1-1: Ball 2-1: Ground out 4-3 (Groundball, 4, EV 83.1 MPH)
|
|
Batting: RHB Mitch Cuadros
|
0-0: Swinging Strike 0-1: Ball 1-1: Foul Ball, location: 2F 1-2: Foul Ball, location: 2F 1-2: Ball 2-2: Ground out 6-3 (Groundball, 6, EV 83.8 MPH)
|
|
Batting: LHB Ray Walden
|
0-0: Ball 1-0: Called Strike 1-1: Hit by Pitch
|
|
Batting: RHB Bill Mannino
|
0-0: Called Strike 0-1: Ball 1-1: Ball 2-1: Swinging Strike 2-2: Ground out 5-3 (Groundball, 25, EV 81.9 MPH)
|
| Top of the 5th over - 0 runs, 0 hits, 0 errors, 1 left on base; Chicago (NYP) 4 - Vermont 3 |
| BOTTOM OF THE 5TH |
|
Vermont Lake Monsters batting - Pitching for Chicago (NYP) White Sox : RHP Cole Wanat
|
|
Batting: LHB Henry Hutson
|
0-0: Ball 1-0: Ball 2-0: Ball 3-0: Called Strike 3-1: Called Strike 3-2: Strikes out looking
|
|
Batting: LHB Cy Ostrowski
|
0-0: Called Strike 0-1: Ball 1-1: Foul Ball, location: 2F 1-2: Strikes out swinging
|
|
Batting: LHB Jose Zamarripa
|
0-0: SINGLE (Line Drive, 4MD, EV 99.4 MPH)
|
|
Batting: RHB Carlos Martinez
|
0-0: Ball 1-0: Ball 2-0: Ball 3-0: Called Strike 3-1: Called Strike 3-2: Base on Balls Jose Zamarripa to second
|
|
Batting: RHB Lu Tieh
|
0-0: Swinging Strike 0-1: Foul Ball, location: 2F 0-2: Ball 1-2: SINGLE (Groundball, 3D, EV 95.6 MPH) Jose Zamarripa to third Carlos Martinez to second Runner from 3rd tries for Home, SAFE, throw by RF to home
|
|
Batting: RHB Yasuzo Rin
|
0-0: Ground out 1-3 (Groundball, 34S, EV 61.9 MPH)
|
| Bottom of the 5th over - 1 run, 2 hits, 0 errors, 2 left on base; Chicago (NYP) 4 - Vermont 4 |
| TOP OF THE 6TH |
|
Chicago (NYP) White Sox batting - Pitching for Vermont Lake Monsters : RHP Jesus Moreno
|
|
Batting: RHB Victor Orozco
|
0-0: Foul Ball, location: 2F 0-1: Ball 1-1: Ball 2-1: Ball 3-1: Base on Balls
|
|
Batting: RHB David Laureano
|
0-0: Ball 1-0: Swinging Strike 1-1: Called Strike 1-2: Foul Ball, location: 2F 1-2: Ground out 5-3 (Groundball, 5L, EV 81.9 MPH) Victor Orozco to second
|
|
Batting: RHB Jeremy Hoffert
|
0-0: DOUBLE (Flyball, 78D, EV 113.1 MPH) Victor Orozco scores
|
|
Batting: RHB Justin Usner
|
0-0: Fly out, F7 (Flyball, 7S, EV 96.9 MPH)
|
|
Batting: RHB Dusty Ballard
|
0-0: Ball 1-0: Ball Jeremy Hoffert steals 3rd base (no throw) 2-0: Called Strike 2-1: Called Strike 2-2: Ball 3-2: Base on Balls
|
|
Pitching: RHP Aaron Garard
|
|
|
Batting: LHB Brandon Hopper
|
0-0: Called Strike 0-1: Ball 1-1: Ball 2-1: Called Strike 2-2: Ball 3-2: SINGLE (Groundball, 34, EV 91.3 MPH) (infield hit) Jeremy Hoffert scores Dusty Ballard to second
|
|
Batting: RHB Mitch Cuadros
|
0-0: Fly out, F9 (Flyball, 89S, EV 87.5 MPH)
|
| Top of the 6th over - 2 runs, 2 hits, 0 errors, 2 left on base; Chicago (NYP) 6 - Vermont 4 |
| BOTTOM OF THE 6TH |
|
Vermont Lake Monsters batting - Pitching for Chicago (NYP) White Sox : RHP Cole Wanat
|
|
Pitching: LHP Yusufu Mustafa
|
|
|
Batting: RHB Oscar Avila
|
0-0: Called Strike 0-1: Called Strike 0-2: Strikes out swinging
|
|
Batting: RHB Ricardo Mariscal
|
0-0: Ball 1-0: Hit by Pitch
|
|
Batting: RHB Luis Restrepo
|
Pickoff Throw to First - Out! 1-3 0-0: Fly out, F8 (Flyball, 8RD, EV 108.1 MPH)
|
| Bottom of the 6th over - 0 runs, 0 hits, 0 errors, 0 left on base; Chicago (NYP) 6 - Vermont 4 |
| TOP OF THE 7TH |
|
Chicago (NYP) White Sox batting - Pitching for Vermont Lake Monsters : RHP Aaron Garard
|
|
Batting: LHB Ray Walden
|
0-0: Called Strike 0-1: Called Strike 0-2: Ball 1-2: Strikes out looking
|
|
Batting: RHB Bill Mannino
|
0-0: Ball 1-0: Called Strike 1-1: Foul Ball, location: 2F 1-2: Fly out, F3 (Flyball, 3D, EV 96.9 MPH)
|
|
Batting: RHB Victor Orozco
|
0-0: Ball 1-0: Ball 2-0: Ball 3-0: Called Strike 3-1: Called Strike 3-2: Strikes out swinging
|
| Top of the 7th over - 0 runs, 0 hits, 0 errors, 0 left on base; Chicago (NYP) 6 - Vermont 4 |
| BOTTOM OF THE 7TH |
|
Vermont Lake Monsters batting - Pitching for Chicago (NYP) White Sox : LHP Yusufu Mustafa
|
|
Pitching: RHP Ian Savary
|
|
|
Batting: LHB Henry Hutson
|
0-0: Foul Ball, location: 2F 0-1: Swinging Strike 0-2: Foul Ball, location: 2F 0-2: Strikes out looking
|
|
Batting: LHB Cy Ostrowski
|
0-0: Ball 1-0: Called Strike 1-1: Swinging Strike 1-2: Strikes out looking
|
|
Batting: LHB Jose Zamarripa
|
0-0: Foul Ball, location: 2F 0-1: Ball 1-1: Ball 2-1: Ground out 6-3 (Groundball, 6, EV 91.9 MPH)
|
| Bottom of the 7th over - 0 runs, 0 hits, 0 errors, 0 left on base; Chicago (NYP) 6 - Vermont 4 |
| TOP OF THE 8TH |
|
Chicago (NYP) White Sox batting - Pitching for Vermont Lake Monsters : RHP Aaron Garard
|
|
Pitching: LHP Bobby Carroll
|
|
|
Batting: RHB David Laureano
|
0-0: Called Strike 0-1: Foul Ball, location: 2F 0-2: Strikes out swinging
|
|
Batting: RHB Jeremy Hoffert
|
0-0: Called Strike 0-1: Called Strike 0-2: Strikes out looking
|
|
Batting: RHB Justin Usner
|
0-0: Hit by Pitch
|
|
Batting: RHB Dusty Ballard
|
0-0: Ball 1-0: Ball 2-0: Called Strike Justin Usner steals 2nd base 2-1: Ball 3-1: Ground out 6-3 (Groundball, 6, EV 99.4 MPH)
|
| Top of the 8th over - 0 runs, 0 hits, 0 errors, 1 left on base; Chicago (NYP) 6 - Vermont 4 |
| BOTTOM OF THE 8TH |
|
Vermont Lake Monsters batting - Pitching for Chicago (NYP) White Sox : RHP Ian Savary
|
|
Pitching: LHP Wang Jing
|
|
|
Batting: RHB Carlos Martinez
|
0-0: Ball 1-0: Swinging Strike 1-1: Fly out, F7 (Flyball, 78M, EV 83.1 MPH)
|
|
Batting: RHB Lu Tieh
|
0-0: Ball 1-0: Ball 2-0: Ground out 5-3 (Groundball, 56, EV 89.4 MPH)
|
|
Batting: RHB Yasuzo Rin
|
0-0: Foul Ball, location: 2F 0-1: Swinging Strike 0-2: Strikes out swinging
|
| Bottom of the 8th over - 0 runs, 0 hits, 0 errors, 0 left on base; Chicago (NYP) 6 - Vermont 4 |
| TOP OF THE 9TH |
|
Chicago (NYP) White Sox batting - Pitching for Vermont Lake Monsters : LHP Bobby Carroll
|
|
Batting: LHB Brandon Hopper
|
0-0: SOLO HOME RUN (Flyball, 89XD, EV 107.5 MPH), Distance : 412 ft
|
|
Batting: RHB Mitch Cuadros
|
0-0: Ball 1-0: Called Strike 1-1: Ball 2-1: Swinging Strike 2-2: Strikes out swinging
|
|
Batting: LHB Ray Walden
|
0-0: Swinging Strike 0-1: Foul Ball, location: 2F 0-2: Strikes out swinging
|
|
Batting: RHB Bill Mannino
|
0-0: Ball 1-0: Called Strike 1-1: Swinging Strike 1-2: Foul Ball, location: 2F 1-2: Strikes out swinging
|
| Top of the 9th over - 1 run, 1 hit, 0 errors, 0 left on base; Chicago (NYP) 7 - Vermont 4 |
| BOTTOM OF THE 9TH |
|
Vermont Lake Monsters batting - Pitching for Chicago (NYP) White Sox : LHP Wang Jing
|
|
Pitching: LHP Steven Wolf
|
|
|
Batting: RHB Oscar Avila
|
0-0: Ground out 6-3 (Groundball, 6D, EV 103.8 MPH)
|
|
Batting: RHB Ricardo Mariscal
|
0-0: Ball 1-0: Ground out 3-1 (Groundball, 34, EV 105.0 MPH)
|
|
Batting: RHB Luis Restrepo
|
0-0: Ball 1-0: Ball 2-0: Ball 3-0: Base on Balls
|
|
Batting: LHB Henry Hutson
|
0-0: Ball 1-0: Ball 2-0: Ball 3-0: Called Strike 3-1: Base on Balls Luis Restrepo to second
|
|
Batting: LHB Cy Ostrowski
|
0-0: Called Strike 0-1: Ball 1-1: Foul Ball, location: 2F 1-2: Ball 2-2: Strikes out swinging
|
| Bottom of the 9th over - 0 runs, 0 hits, 0 errors, 2 left on base; Chicago (NYP) 7 - Vermont 4 |
|